 Dungeon Crawl Stone Soup version 0.17-a0-1558-g9d24de5 (console) character file.

485266 Monkaria the Phalangite (level 23, -5/213 HPs)
             Began as a Minotaur Berserker on July 19, 2015.
             Was the Champion of Trog.
             Killed by divine providence
             ... invoked by an orc priest
              (10 damage)
             ... on level 4 of the Depths on July 20, 2015.
             The game lasted 04:47:34 (74861 turns).

Monkaria the Phalangite (Minotaur Berserker)       Turns: 74861, Time: 04:47:35

Health: -5/213     AC: 48    Str: 34    XL:     23   Next: 78%
Magic:  8/8        EV: 21    Int:  7    God:    Trog [******]
Gold:   2826       SH:  9    Dex: 10    Spells: 0 memorised, 22 levels left

rFire  + + +     SeeInvis .     a - +9 demon trident (antimagic)
rCold  + + +     Clarity  +     T - +9 armour of the Dragon King {rPois rF+ rC+ MR+}
rNeg   + . .     SustAt   .     y - +3 buckler {rC+}
rPois  +         Gourm    .     (helmet restricted)
rElec  +         Spirit   .     I - +2 cloak {rPois}
rCorr  .         Warding  .     d - +2 pair of gloves of the Maze {rElec}
rMut   .         Stasis   .     u - +2 pair of boots of Yqoucom {rC+ Regen+ MP-9 Dex+3}
MR     ++++.                    X - amulet of clarity
Stlth  ..........               A - +6 ring of evasion
                                P - ring "Pixtiale" {rN+ Str+10 Int-2 Dex-2 Slay+2}

@: about to teleport, very slightly contaminated, regenerating, incredibly
resistant to hostile enchantments, extremely unstealthy
A: retaliatory headbutt, horns 2, talons 1, thin metallic scales 1, clumsy 2,
fire resistance 2, subdued magic 1, MP-powered wands
a: Burn Spellbooks, Berserk, Trog's Hand, Brothers in Arms, Renounce Religion
}: 2/15 runes: serpentine, barnacled


You were on level 4 of the Depths.
You worshipped Trog.
Trog was exalted by your worship.
You were not hungry.

You visited 9 branches of the dungeon, and saw 47 of its levels.
You visited the Abyss 1 time.
You also visited: Trove and Ice Cave.

You collected 6413 gold pieces.
You spent 3587 gold pieces at shops.

Inventory:

Hand weapons
 a - a +9 antimagic demon trident (weapon)
 k - a +0 battleaxe of flaming
Missiles
 t - 10 throwing nets
 U - 90 javelins (quivered)
Armour
 d - the +2 pair of gloves of the Maze (worn) {rElec}
   (You found it in a treasure trove)

   It insulates you from electricity.
 u - the +2 pair of boots of Yqoucom (worn) {rC+ Regen+ MP-9 Dex+3}
   (You found it in a treasure trove)

   It affects your dexterity (+3).
   It protects you from cold.
   It affects your magic capacity (-9).
   It increases your rate of regeneration.
 y - a +3 buckler of cold resistance (worn)
 I - a +2 cloak of poison resistance (worn)
 T - the +9 armour of the Dragon King (worn) {rPois rF+ rC+ MR+}
   (You bought it in a shop on level 3 of the Depths)

   It protects you from fire.
   It protects you from cold.
   It protects you from poison.
   It affects your resistance to hostile enchantments.
Rods
 L - a +3 rod of destruction (14/14)
   (You found it on level 1 of the Vaults)
 W - a +0 rod of clouds (1/13)
   (You found it on level 7 of the Dungeon)
Jewellery
 A - a +6 ring of evasion (right hand)
 P - the ring "Pixtiale" (left hand) {rN+ Str+10 Int-2 Dex-2 Slay+2}
   (You took it off a merfolk on level 3 of the Shoals)

   [ring of slaying]

   It affects your strength (+10).
   It affects your intelligence (-2).
   It affects your dexterity (-2).
   It affects your accuracy and damage with ranged weapons and melee attacks
   (+2).
   It protects you from negative energy.
 S - the ring "Dakiathy" {+Blink rF+ Str+5 Dex-3 SInv}
   (You found it on level 4 of the Vaults)

   [ring of see invisible]

   It affects your strength (+5).
   It affects your dexterity (-3).
   It protects you from fire.
   It lets you see invisible.
   It lets you blink.
 X - an amulet of clarity (around neck)
Magical devices
 i - a wand of disintegration (18)
 m - a wand of fireball (6)
 z - a wand of hasting (9)
 Z - a wand of teleportation (7)
Scrolls
 h - 15 scrolls of remove curse
 l - 5 scrolls of blinking
 q - 5 scrolls of magic mapping
 v - 9 scrolls of teleportation
 E - 6 scrolls of fog
 M - 5 scrolls of fear
Potions
 b - 3 potions of heal wounds
 e - 17 potions of curing
 g - 4 potions of agility
 j - 10 potions of flight
 r - a potion of resistance
 s - 7 potions of haste
 C - a potion of invisibility
 F - 9 potions of lignification
 G - 7 potions of might
 H - 4 potions of berserk rage
Miscellaneous
 w - a lamp of fire
Comestibles
 c - 8 bread rations


   Skills:
 - Level 19.0 Fighting
 - Level 24.0 Polearms
 - Level 8.0 Throwing
 + Level 24.0 Armour
 - Level 19.0 Dodging
 - Level 9.1 Shields
 - Level 15.2 Evocations


You had 22 spell levels left.
You didn't know any spells.

Dungeon Overview and Level Annotations

Branches:
Dungeon (15/15)            Temple (1/1) D:7            Lair (8/8) D:8
 Shoals (4/4) Lair:3        Snake (4/4) Lair:6        Slime (0/6) Lair:8
    Orc (4/4) D:12            Elf (3/3) Orc:4        Vaults (4/5) D:13
  Crypt (0/3) Vaults:3     Depths (4/5) D:15

Altars:
Ashenzari
Cheibriados
Dithmenos
Elyvilon
Fedhas
Gozag
Kikubaaqudgha
Makhleb
Nemelex Xobeh
Okawaru
Qazlal
Ru
Sif Muna
Trog
Vehumet
Xom
Yredelemnul
Zin
The Shining One
Beogh
Jiyva

Shops:
D:15 *   Orc:1 }   Orc:4 [:(*   Elf:1 !   Elf:2 :   Shoals:3 %   Vaults:3 :
Depths:3 [

Portals:
Hell: Depths:1 Depths:2 Depths:3
Abyss: Depths:3
Pandemonium: Depths:1 Depths:3
Ziggurat: Depths:1

Annotations:
Depths:2 exclusion: ice statue
Depths:4 the Enchantress


Innate Abilities, Weirdness & Mutations

You reflexively headbutt those who attack you in melee.
You have a pair of horns on your head.
You have sharp toenails.
You are partially covered in thin metallic scales (AC +2).
You are very clumsy. (Dex -4)
Your flesh is very heat resistant.
Your spells are a little easier to cast, but a little less powerful.
You expend magic power (3 MP) to strengthen your wands.


Message History

Unknown command.
Read which item? (? for menu, Esc to quit)
As you read the scroll of teleportation, it crumbles to dust.
You feel strangely unstable.
You hear a shout!
The orc priest looks braver for a moment.
Use which ability? (? or * to list)
Your skin crawls.
You feel resistant to hostile enchantments.
You feel slightly more hungry.
The orc priest mumbles some strange prayers to Beogh against you.
Something smites you!
* * * LOW HITPOINT WARNING * * *
You hear a grinding noise.
The orc priest mumbles some strange prayers to Beogh against you.
Something smites you!
* * * LOW HITPOINT WARNING * * *
The orc priest calls down the wrath of Beogh upon you.
Something smites you!
You die...

####'####
#..)ยง...##
#.....ooo%..##
#.......o.....#
#.......oD....##
..........o....#
......._....E..#
...............#
#........4..3@#
........#
.......##
.....## #####


You could see a fire dragon, an orc high priest, a hellwing, a smoke demon, an
air elemental and 5 orc priests.

Vanquished Creatures
  Mara (Vaults:2)
  The ghost of UristMcMason the Warrior, a legendary HuFi of Qazlal (Depths:3)
  Norris (Snake:3)
  Saint Roka (Snake:2)
  Vashnia (Snake:1)
  2 golden dragons (Depths:3)
  Jorgrun (Snake:2)
  3 liches
  A tentacled monstrosity (Depths:2)
  A titan (Depths:3)
  Asterion (Depths:1)
  2 deep elf blademasters
  A deep elf master archer (Elf:3)
  An acid blob (shapeshifter) (Depths:2)
  2 tentacled starspawn (Abyss:1)
  A sphinx (Depths:1)
  An octopode crusher (Depths:1)
  Gastronok (D:7)
  A kraken (Shoals:4)
  Frances (Lair:6)
  A storm dragon (Depths:3)
  Kirke (Snake:2)
  Roxanne (Snake:3)
  A tengu reaver (Depths:1)
  8 fire giants
  The ghost of Chiseanne the Protected, a mighty DsWn of Gozag (Snake:2)
  Ilsuiw (Shoals:4)
  4 frost giants
  Wiglaf (Vaults:1)
  A ghost moth (shapeshifter) (Depths:2)
  6 greater nagas
  9 deep elf sorcerers
  Maud (Orc:3)
  An azure jelly (shapeshifter) (Depths:2)
  2 orc warlords
  9 vault wardens
  A spriggan defender (Depths:2)
  A ghoul (Vaults:3)
  10 ironheart preservers
  4 stone giants
  15 very ugly things
  6 war gargoyles
  6 deep elf demonologists
  3 vampire knights
  A salamander firebrand (Depths:2)
  14 deep elf annihilators
  A dire elephant (D:15)
  2 salamander stormcallers (Vaults:4)
  An eidolon (Vaults:3)
  Snorg (D:15)
  9 merfolk javelineers
  5 ettins
  9 merfolk impalers
  6 fire dragons
  14 vault guards
  A blizzard demon (Depths:2)
  6 crystal guardians (Depths:2)
  3 deep elf death magi (Elf:3)
  A green death (Abyss:1)
  6 great orbs of eyes
  3 deep elf high priests (Elf:3)
  13 yaktaur captains
  2 rakshasas
  An entropy weaver (shapeshifter) (Depths:2)
  An entropy weaver (Depths:2)
  4 ice dragons
  13 naga warriors
  The ghost of Chiseanne the Protected, a powerful DsWn of Gozag (Orc:2)
  7 hydras
  2 spriggan air magi (Depths:2)
  5 merfolk avatars
  9 anacondas
  6 centaur warriors
  Erica (D:7)
  An alligator snapping turtle (Shoals:3)
  A death yak (shapeshifter) (Depths:2)
  4 catoblepae
  A merfolk aquamancer (Shoals:3)
  A satyr (Shoals:3)
  33 dancing weapons
  4 tengu warriors
  2 deep troll earth magi
  20 death yaks
  3 deep troll shamans
  14 ogre magi
  3 orc high priests
  A spriggan berserker (Depths:2)
  12 shock serpents
  A storm dragon zombie (Vaults:3)
  17 naga sharpshooters
  An iron golem (Depths:2)
  Nergalle (Orc:1)
  A thrashing horror (Abyss:1)
  A fire crab (Lair:7)
  A hell hog (Abyss:1)
  A wretched star (Abyss:1)
  2 iron trolls (Depths:1)
  A spatial maelstrom (Abyss:1)
  A shadow wraith (Vaults:1)
  A sun demon (Depths:3)
  An unseen horror (shapeshifter) (Depths:1)
  18 deep elf knights
  2 fire crabs (shapeshifter) (Depths:2)
  2 ice devils (IceCv)
  A salamander mystic (Snake:4)
  2 gelid demonspawn (Depths:1)
  4 large abominations (Abyss:1)
  A ball lightning (Depths:2)
  18 sea snakes
  4 unseen horrors
  6 small abominations
  8 giant orange brains
  4 wizards
  A shadow demon (Depths:3)
  3 ice statues
  A torturous demonspawn (Depths:1)
  15 orc knights
  An obsidian statue (Depths:2)
  A sphinx zombie (Vaults:3)
  5 naga ritualists
  12 deep trolls
  A mana viper (shapeshifter) (Depths:2)
  6 deep elf summoners
  16 deep elf conjurers
  15 ironbrand convokers
  20 harpies
  An infernal demonspawn (Depths:3)
  An anaconda skeleton (Abyss:1)
  4 necromancers
  5 orc sorcerers
  10 griffons
  3 wolf spiders
  7 hill giants
  A human zombie (Vaults:4)
  69 ugly things
  An oklob plant (Lair:5)
  6 fauns
  A fire giant zombie (Depths:3)
  A tengu skeleton (Depths:3)
  A wolf spider (shapeshifter) (Depths:2)
  7 mana vipers
  9 cyclopes
  A worldbinder (Abyss:1)
  10 water nymphs
  21 elephants
  7 salamanders
  4 guardian serpents
  A hornet (Vaults:4)
  A sixfirhy (Abyss:1)
  3 smoke demons (Abyss:1)
  8 manticores
  37 black mambas
  A guardian serpent (shapeshifter) (Depths:2)
  A stone giant skeleton (Vaults:3)
  Maurice (D:8)
  A frost giant skeleton (Vaults:4)
  5 sirens
  A storm dragon simulacrum (Abyss:1)
  A hellion (Abyss:1)
  15 naga magi
  3 centaur skeletons
  14 vault sentinels
  An apocalypse crab (Abyss:1)
  3 molten gargoyles (Depths:2)
  20 spiny frogs
  2 orange demons
  4 gargoyles
  A tormentor (Depths:1)
  2 yaktaur skeletons
  A fire drake (shapeshifter) (D:14)
  A fire drake (Lair:5)
  71 yaktaurs
  A hellwing (Depths:3)
  7 freezing wraiths
  12 komodo dragons
  17 deep elf priests
  2 trolls (shapeshifter)
  A tengu conjurer (Depths:2)
  5 harpy zombies (Shoals:4)
  A merfolk (shapeshifter) (Depths:2)
  10 blue devils
  2 jumping spiders
  A polar bear (Lair:8)
  9 wind drakes
  A queen bee (shapeshifter) (Vaults:3)
  A jumping spider (shapeshifter) (Vaults:3)
  38 merfolk
  23 two-headed ogres
  A shadow dragon simulacrum (Vaults:3)
  15 trolls
  12 blink frogs
  Prince Ribbit (D:9)
  A raiju (shapeshifter) (Vaults:4)
  7 boulder beetles
  An elf zombie (Depths:3)
  A griffon zombie (Shoals:4)
  2 raiju (Abyss:1)
  19 slime creatures
  3 snapping turtles
  5 redbacks
  2 spriggans
  A slime creature (shapeshifter) (Depths:2)
  7 air elementals (Depths:2)
  29 deep elf magi
  A wyvern (D:10)
  A human (Snake:2)
  2 fire dragon skeletons (Abyss:1)
  A tarantella (Vaults:4)
  9 wraiths
  2 redbacks (shapeshifter)
  A trapdoor spider (shapeshifter) (Vaults:1)
  13 hippogriffs
  2 hogs (Snake:2)
  11 water elementals
  28 deep elf fighters
  A hog (shapeshifter) (Vaults:4)
  53 yaks
  2 shadows
  A yak (shapeshifter) (Depths:2)
  A tarantella (shapeshifter) (Elf:2)
  2 basilisks
  A fire bat (Abyss:1)
  3 hungry ghosts
  A neqoxec (Abyss:1)
  2 ynoxinuls (Abyss:1)
  A steam dragon (shapeshifter) (Depths:2)
  A fire elemental (Depths:2)
  23 vampire mosquitoes
  A soldier ant (D:12)
  3 mottled dragons
  15 wolves
  65 nagas
  5 wargs
  4 insubstantial wisps
  27 water moccasins
  A warg (shapeshifter) (Vaults:4)
  A hornet simulacrum (D:15)
  16 porcupines
  4 phantoms
  3 sky beasts
  5 wasps
  2 black bears
  An eye of draining (shapeshifter) (Depths:2)
  An ice beast (shapeshifter) (Depths:2)
  A spriggan simulacrum (Depths:3)
  The ghost of Monkaria the Poker, an average MiBe of Trog (D:4)
  2 necrophages
  An eye of draining (D:12)
  5 ice beasts
  8 boggarts
  44 ogres
  50 orc warriors
  15 centaurs
  An elf simulacrum (Depths:3)
  11 crocodiles
  Blork the orc (Orc:4)
  2 big kobolds
  A wyvern zombie (D:14)
  6 earth elementals (Depths:2)
  23 giant frogs
  2 wyvern skeletons (D:11)
  15 killer bees
  5 scorpions
  11 wights
  A human simulacrum (Vaults:1)
  5 electric eels (D:12)
  4 quasits
  6 hounds
  3 centaur zombies
  4 starcursed masses (Abyss:1)
  3 giant frog zombies
  9 crimson imps
  Crazy Yiuf (D:3)
  9 iguanas
  37 orc priests
  Ijyb (D:2)
  An iron imp (Abyss:1)
  3 jellies
  48 orc wizards
  9 worker ants
  Jessica (D:3)
  A killer bee zombie (D:3)
  14 sheep
  A hound zombie (D:8)
  2 hound skeletons
  4 gnolls (D:5)
  13 adders
  21 river rats
  8 white imps
  6 shadow imps
  7 ufetubi
  3 oozes (D:4)
  2 adder skeletons
  2 adder zombies
  4 worms
  2 giant geckos
  207 orcs
  18 bats
  A bat skeleton (D:4)
  9 giant cockroaches
  16 hobgoblins
  4 jackals (D:9)
  24 kobolds
  4 quokkas
  2 ball pythons
  A giant cockroach zombie (D:6)
  A giant gecko zombie (D:5)
  10 giant newts
  24 goblins
  17 rats
  A bush (Lair:5)
  A butterfly (Lair:5)
  2 crawling corpses (Elf:3)
  3 fungi
  4 plants
  A starspawn tentacle (Abyss:1)
2278 creatures vanquished.

Vanquished Creatures (collateral kills)
  An Ice Fiend (IceCv)
  A naga warrior (Snake:3)
  6 death yaks
  A shock serpent (Snake:3)
  An ugly thing (Depths:4)
  An orc knight (Orc:4)
  A griffon (Lair:3)
  A cyclops (D:12)
  2 elephants (Lair:7)
  3 black mambas
  A water nymph (Lair:3)
  A spiny frog (Lair:7)
  A naga mage (Snake:3)
  A troll (D:12)
  A blue devil (IceCv)
  2 merfolk (Lair:3)
  A deep elf mage (D:12)
  3 yaks (Lair:8)
  A naga (Snake:1)
  An orc warrior (Orc:4)
  A porcupine (Lair:7)
  2 sheep (D:12)
  A plant (Lair:7)
35 creatures vanquished.

Vanquished Creatures (others)
  An ironheart preserver (Vaults:4)
  A shadow wraith (Vaults:3)
  9 ball lightnings (Depths:2)
  An ugly thing (Depths:2)
  A black mamba (Snake:4)
  2 humans (Snake:2)
  A river rat (Lair:7)
  A white imp (IceCv)
  3 ufetubi (IceCv)
  2 bushes
  59 fungi
  30 plants
  3 starspawn tentacles (Abyss:1)
  3 starspawn tentacle segments (Abyss:1)
  8 tentacles (Shoals:4)
  28 tentacle segments (Shoals:4)
153 creatures vanquished.

Grand Total: 2466 creatures vanquished

Notes
Turn   | Place    | Note
--------------------------------------------------------------
     0 | D:1      | Monkaria the Minotaur Berserker began the quest for the Orb.
     0 | D:1      | Reached XP level 1. HP: 19/19 MP: 0/0
   188 | D:1      | Reached skill level 4 in Polearms
   226 | D:1      | Reached XP level 2. HP: 25/27 MP: 1/1
   416 | D:1      | Acquired Trog's second power
  1007 | D:2      | Reached XP level 3. HP: 33/33 MP: 2/2
  1155 | D:2      | Found a faded altar to an unknown god.
  1174 | D:2      | Noticed Ijyb
  1210 | D:2      | Killed Ijyb
  1210 | D:2      | Reached skill level 5 in Polearms
  1384 | D:2      | Reached XP level 4. HP: 41/41 MP: 3/3
  1666 | D:3      | Reached XP level 5. HP: 22/47 MP: 4/4
  2082 | D:3      | Reached skill level 5 in Fighting
  2235 | D:3      | Noticed Crazy Yiuf
  2245 | D:3      | Killed Crazy Yiuf
  2358 | D:4      | Reached skill level 6 in Polearms
  2410 | D:3      | Noticed Jessica
  2416 | D:3      | Killed Jessica
  2456 | D:3      | Reached XP level 6. HP: 23/56 MP: 5/5
  2588 | D:4      | Reached skill level 7 in Polearms
  2625 | D:4      | Noticed Monkaria's ghost (average MiBe)
  2803 | D:4      | Killed Monkaria's ghost
  2803 | D:4      | Reached skill level 8 in Polearms
  2845 | D:4      | Reached XP level 7. HP: 46/61 MP: 6/6
  2863 | D:4      | Found a sacrificial altar of Ru.
  2863 | D:4      | Found an iron altar of Okawaru.
  3081 | D:4      | Found a white marble altar of Elyvilon.
  3309 | D:5      | Entered Level 5 of the Dungeon
  3358 | D:5      | Reached skill level 9 in Polearms
  3709 | D:5      | Reached skill level 10 in Polearms
  3786 | D:5      | Reached skill level 5 in Armour
  3862 | D:5      | Reached XP level 8. HP: 68/68 MP: 7/7
  4190 | D:6      | Acquired Trog's third power
  4958 | D:7      | Found an opulent altar of Gozag.
  5020 | D:7      | Reached XP level 9. HP: 51/81 MP: 8/8
  5103 | D:7      | Received a gift from Trog
  5112 | D:7      | Identified a +0 rod of clouds (13/13) (You found it on level 7 of the Dungeon)
  5398 | D:7      | Found a staircase to the Ecumenical Temple.
  5410 | Temple   | Entered the Ecumenical Temple
  5677 | D:7      | Reached skill level 11 in Polearms
  5794 | D:8      | Noticed Gastronok
  5823 | D:7      | Killed Gastronok
  5823 | D:7      | Reached skill level 13 in Polearms
  5823 | D:7      | Reached XP level 10. HP: 88/88 MP: 9/9
  5873 | D:8      | Found a staircase to the Lair.
  5875 | D:8      | Noticed Erica
  6009 | D:7      | Killed Erica
  6009 | D:7      | Reached skill level 14 in Polearms
  6117 | D:8      | Got a sparkling golden amulet
  6126 | D:8      | Noticed Maurice
  6138 | D:8      | Killed Maurice
  6183 | D:8      | Identified the amulet of Midsummer {Stasis *Confuse Str+3 Int+4} (You found it on level 8 of the Dungeon)
  6217 | D:8      | Reached skill level 15 in Polearms
  7118 | Lair:1   | Entered Level 1 of the Lair of Beasts
  7577 | D:8      | Reached skill level 16 in Polearms
  7920 | Lair:1   | Reached XP level 11. HP: 77/94 MP: 10/10
  8067 | Lair:1   | Noticed a black mamba
  8085 | Lair:1   | Killed a black mamba
  8387 | Lair:1   | Reached skill level 10 in Armour
  9277 | Lair:2   | HP: 4/94 [spiny frog (9)]
 11472 | D:9      | Found a shattered altar of Ashenzari.
 11492 | D:9      | Reached XP level 12. HP: 99/101 MP: 11/11
 11588 | D:9      | Received a gift from Trog
 11812 | D:9      | Noticed Prince Ribbit
 11818 | D:9      | Killed Prince Ribbit
 12033 | D:9      | Gained mutation: You are partially covered in rugged brown scales (AC +1, +3% HP). [mutagenic meat]
 12034 | D:9      | Gained mutation: Armour fits poorly on your strangely shaped body. [mutagenic meat]
 12035 | D:9      | Gained mutation: Potions and wands are less effective at restoring your health. [mutagenic meat]
 12037 | D:9      | Gained mutation: You have supernaturally acute eyesight. [mutagenic meat]
 12099 | D:10     | Entered Level 10 of the Dungeon
 12323 | D:10     | Found a roughly hewn altar of Beogh.
 12429 | D:10     | Reached skill level 15 in Armour
 13054 | D:11     | Gained mutation: Your spells are a little easier to cast, but a little less powerful. [mutagenic meat]
 13379 | D:11     | Reached skill level 5 in Dodging
 13488 | D:11     | Found a portal to a secret trove of treasure.
 14363 | Lair:2   | Noticed a four-headed hydra
 14883 | Lair:2   | Killed a three-headed hydra
 15094 | Lair:3   | Received a gift from Trog
 15260 | Lair:3   | Reached skill level 10 in Dodging
 15528 | Lair:3   | Found a staircase to the Shoals.
 15650 | Lair:4   | Reached XP level 13. HP: 110/110 MP: 12/12
 17580 | Lair:5   | Received a gift from Trog
 17593 | Lair:5   | Reached skill level 10 in Fighting
 18077 | Lair:6   | Found a staircase to the Snake Pit.
 19706 | Lair:6   | Reached skill level 1 in Throwing
 20235 | Lair:7   | Reached XP level 14. HP: 118/132 MP: 13/13
 20242 | Lair:7   | Received a gift from Trog
 20526 | Lair:8   | Entered Level 8 of the Lair of Beasts
 20543 | Lair:8   | Found a staircase to the Slime Pits.
 20544 | Lair:8   | Found a viscous altar of Jiyva.
 20586 | Lair:8   | Reached skill level 1 in Evocations
 21066 | Lair:8   | Reached skill level 5 in Evocations
 21831 | Lair:8   | Received a gift from Trog
 23070 | Lair:8   | Got a pair of spiked gloves
 23076 | Lair:8   | Identified the +1 pair of gloves of the Guilds {Int-3 Dex+3 Stlth+} (You found it on level 8 of the Lair of Beasts)
 23084 | Lair:8   | Gained mutation: You are weak. (Str -2) [potion of mutation]
 23084 | Lair:8   | Lost mutation: Armour fits poorly on your strangely shaped body. [potion of mutation]
 23085 | Lair:8   | Lost mutation: Potions and wands are less effective at restoring your health. [potion of mutation]
 23085 | Lair:8   | Lost mutation: Your spells are a little easier to cast, but a little less powerful. [potion of mutation]
 23085 | Lair:8   | Gained mutation: You are partially covered in thin metallic scales (AC +2). [potion of mutation]
 23086 | Lair:8   | Gained mutation: You are agile. (Dex +2) [potion of mutation]
 23086 | Lair:8   | Lost mutation: You are partially covered in rugged brown scales (AC +1, +3% HP). [potion of mutation]
 23131 | Lair:8   | Identified 3 scrolls of acquirement
 23448 | Snake:1  | Entered Level 1 of the Snake Pit
 23448 | Snake:1  | Noticed Frances
 23631 | Lair:6   | Killed Frances
 23909 | Snake:1  | Reached skill level 10 in Evocations
 24184 | Snake:1  | Reached XP level 15. HP: 110/135 MP: 21/21
 25569 | Lair:1   | Upgraded the game from 0.17-a0-1550-g78a4890 to 0.17-a0-1558-g9d24de5
 26282 | D:12     | Reached skill level 17 in Armour
 26505 | D:12     | Found a blossoming altar of Fedhas.
 26575 | D:12     | Found a staircase to the Orcish Mines.
 26640 | D:13     | Found a gate to the Vaults.
 26932 | D:13     | Gained mutation: You are dopey. (Int -2) [mutagenic meat]
 26972 | D:13     | Reached skill level 18 in Armour
 28053 | D:14     | Gained mutation: You expend magic power (3 MP) to strengthen your wands. [mutagenic meat]
 28054 | D:14     | Lost mutation: You are dopey. (Int -2) [mutagenic meat]
 28055 | D:14     | Gained mutation: Your body sometimes deteriorates upon taking damage. [mutagenic meat]
 28056 | D:14     | Lost mutation: Your body sometimes deteriorates upon taking damage. [mutagenic meat]
 28100 | D:15     | Entered Level 15 of the Dungeon
 28239 | D:14     | Noticed Snorg
 28259 | D:15     | Killed Snorg
 28812 | D:15     | Reached XP level 16. HP: 100/143 MP: 22/22
 28895 | D:15     | Found a staircase to the Depths.
 28981 | D:15     | Found a sacrificial altar of Ru.
 29288 | D:15     | Found Ireaxepp's General Store.
 29715 | D:12     | You fall through a shaft for 2 floors!
 30073 | Shoals:1 | Entered Level 1 of the Shoals
 30477 | Lair:3   | Identified a +1 rod of destruction (13/13) (You found it on level 1 of the Shoals)
 30674 | Shoals:1 | Received a gift from Trog
 31514 | Lair:2   | Reached skill level 19 in Polearms
 31793 | Orc:1    | Entered Level 1 of the Orcish Mines
 31825 | Orc:1    | Found Xeiqobb's Gadget Boutique.
 32129 | Orc:2    | Noticed Nergalle
 32132 | Orc:2    | Noticed Chiseanne's ghost (powerful DsWn)
 32208 | Orc:1    | Killed Nergalle
 32274 | Orc:2    | Killed Chiseanne's ghost
 32956 | Orc:3    | Received a gift from Trog
 33034 | Orc:3    | Reached skill level 5 in Throwing
 33140 | Orc:3    | Noticed Maud
 33163 | Orc:3    | Killed Maud
 33547 | Orc:4    | Entered Level 4 of the Orcish Mines
 33668 | Orc:4    | Found a roughly hewn altar of Beogh.
 33880 | Orc:4    | Received a gift from Trog
 33984 | Orc:4    | Noticed Blork the orc
 33992 | Orc:4    | Killed Blork the orc
 34163 | Orc:4    | Found a roughly hewn altar of Beogh.
 34360 | Orc:4    | Found Jalily's Antique Armour Shop.
 34377 | Orc:4    | Bought a scorched cloak for 228 gold pieces
 34387 | Orc:4    | Identified the cursed -6 cloak of Muohyxe {Regen+ Str+3 Slay+6} (You bought it in a shop on level 4 of the Orcish Mines)
 34451 | Orc:4    | Found a staircase to the Elven Halls.
 34516 | Orc:4    | Found Ebaub's Book Shop.
 34543 | Orc:4    | Found Hehaek's General Store.
 34550 | Orc:4    | Bought a scroll of holy word for 112 gold pieces
 34763 | Orc:4    | Found Giethut's Antique Weapon Shop.
 35078 | D:12     | Received a gift from Trog
 35415 | Snake:2  | Noticed Chiseanne's ghost (mighty DsWn)
 35885 | Snake:2  | Killed Chiseanne's ghost
 36074 | Snake:2  | Noticed Kirke
 36095 | Snake:2  | Killed Kirke
 36363 | Snake:2  | Noticed Saint Roka
 36394 | Snake:2  | Killed Saint Roka
 36494 | Snake:2  | Received a gift from Trog
 36673 | Snake:2  | Noticed Vashnia
 38152 | Snake:1  | Killed Vashnia
 38152 | Snake:1  | Reached XP level 17. HP: 107/149 MP: 23/25
 38375 | Snake:2  | Noticed Jorgrun
 38404 | Snake:2  | Killed Jorgrun
 40370 | Snake:3  | Noticed Norris
 40394 | Snake:3  | Killed Norris
 40916 | Snake:3  | Reached skill level 15 in Fighting
 40939 | Snake:3  | Received a gift from Trog
 41197 | Snake:3  | Noticed Roxanne
 41236 | Snake:3  | Killed Roxanne
 41238 | Snake:3  | Identified Roxanne's Almanac of Changing and Poison (You took it off Roxanne on level 3 of the Snake Pit)
 41682 | Snake:4  | Entered Level 4 of the Snake Pit
 43648 | Snake:4  | Received a gift from Trog
 44104 | Snake:4  | Reached XP level 18. HP: 81/167 MP: 26/26
 45017 | Snake:4  | Got a serpentine rune of Zot
 45467 | Shoals:2 | Received a gift from Trog
 45591 | Shoals:2 | Found a frozen archway.
 45648 | IceCv    | Entered an ice cave
 46098 | IceCv    | Got an opalescent robe
 46229 | Shoals:2 | Identified the +1 robe of the Stars {rElec rPois rN++ Stlth-} (You found it in an ice cave)
 46886 | Shoals:2 | Reached skill level 20 in Polearms
 47233 | Shoals:3 | Received a gift from Trog
 47399 | Shoals:4 | Entered Level 4 of the Shoals
 47400 | Shoals:4 | Noticed Ilsuiw
 47921 | Shoals:4 | Killed Ilsuiw
 48755 | Shoals:3 | Received a gift from Trog
 49332 | Shoals:3 | Got a slimy bronze ring
 49334 | Shoals:3 | Identified the ring "Pixtiale" {rN+ Str+10 Int-2 Dex-2 Slay+2} (You took it off a merfolk on level 3 of the Shoals)
 49378 | Shoals:3 | Gained mutation: You passively map a small area around you. [potion of beneficial mutation]
 49635 | Shoals:4 | Got a barnacled rune of Zot
 49914 | Shoals:4 | Got a faintly glowing jade ring
 49916 | Shoals:4 | Identified the ring "Utuipn" {rF+ SInv} (You took it off a siren on level 4 of the Shoals)
 50288 | Shoals:4 | Received a gift from Trog
 50326 | Shoals:4 | Reached skill level 1 in Shields
 50364 | Shoals:4 | Got a dazzling storm dragon armour
 50375 | Shoals:4 | Identified the +3 storm dragon armour of the Six Ghosts {rElec Int-4 Dex+3 SInv} (You took it off a merfolk on level 4 of the Shoals)
 50375 | Shoals:4 | Lost intelligence.
 50757 | D:11     | You paid a toll of a +3 storm dragon armour to enter a treasure trove
 50758 | Trove    | Entered a treasure trove
 50769 | Trove    | Got a pair of ancient gloves
 50773 | Trove    | Got a scorched plate armour
 50775 | Trove    | Got a steaming ring mail
 50779 | Trove    | Got a translucent buckler
 50784 | Trove    | Got a pair of shimmering gloves
 50786 | Trove    | Got a pair of faintly humming boots
 50788 | Trove    | Got a transparent scale mail
 51000 | Lair:1   | Identified the +2 pair of gloves of the Maze {rElec} (You found it in a treasure trove)
 51040 | Lair:1   | Identified the +3 scale mail "Ciblydid" {+Blink} (You found it in a treasure trove)
 51050 | Lair:1   | Identified the +2 pair of boots of Yqoucom {rC+ Regen+ MP-9 Dex+3} (You found it in a treasure trove)
 51060 | Lair:1   | Identified the +1 pair of gloves "Uttul" {rPois MP+9} (You found it in a treasure trove)
 51065 | Lair:1   | Identified the +0 buckler "Zomejig" {Str+3} (You found it in a treasure trove)
 51075 | Lair:1   | Identified the cursed +1 ring mail of the Pleiades {MP-9 Str+6} (You found it in a treasure trove)
 51086 | Lair:1   | Identified the +3 plate armour "Ebext" {rF+ SInv} (You found it in a treasure trove)
 51771 | Shoals:3 | Reached XP level 19. HP: 177/177 MP: 18/27
 51897 | Shoals:3 | Reached skill level 5 in Shields
 51959 | Shoals:3 | Found Lyonuz's Food Boutique.
 52022 | Shoals:3 | Received a gift from Trog
 52857 | D:15     | Gained mutation: You are resistant to hostile enchantments. [mutagenic meat]
 52858 | D:15     | Gained mutation: You are frail (-10% HP). [mutagenic meat]
 52859 | D:15     | Gained mutation: Your flesh is heat resistant. [mutagenic meat]
 52860 | D:15     | Gained mutation: You can spit weak poison. [mutagenic meat]
 52882 | Depths:1 | Entered Level 1 of the Depths
 53084 | Depths:1 | Lost mutation: You have supernaturally acute eyesight. [mutagenic meat]
 53085 | Depths:1 | Gained mutation: Your magical capacity is low (-10% MP). [mutagenic meat]
 53088 | Depths:1 | Lost mutation: You can spit weak poison. [mutagenic meat]
 53091 | Depths:1 | Gained mutation: You are very weak. (Str -4) [mutagenic meat]
 53254 | Depths:1 | Lost mutation: You expend magic power (3 MP) to strengthen your wands. [mutagenic meat]
 53255 | Depths:1 | Lost mutation: You are agile. (Dex +2) [mutagenic meat]
 53256 | Depths:1 | Gained mutation: You are clumsy. (Dex -2) [mutagenic meat]
 53257 | Depths:1 | Gained mutation: You can spit weak poison. [mutagenic meat]
 53258 | Depths:1 | Gained mutation: You evolve. [mutagenic meat]
 53259 | Depths:1 | Lost mutation: You are clumsy. (Dex -2) [mutagenic meat]
 53260 | Depths:1 | Gained mutation: You can spit poison. [mutagenic meat]
 53388 | Depths:1 | Noticed Asterion
 53407 | Depths:1 | Killed Asterion
 53550 | Depths:1 | Found a one-way gate leading to the halls of Pandemonium.
 53582 | Depths:1 | Received a gift from Trog
 53587 | Depths:1 | Found a gateway to Hell.
 53733 | Depths:1 | Found a gateway to a ziggurat.
 54332 | D:13     | Lost mutation: You are resistant to hostile enchantments. [evolution]
 54838 | Vaults:1 | Entered Level 1 of the Vaults
 54934 | Vaults:1 | Received a gift from Trog
 55088 | Vaults:1 | Received a gift from Trog
 55287 | Vaults:1 | Reached skill level 21 in Armour
 55326 | Vaults:1 | Received a gift from Trog
 55661 | Vaults:1 | Lost mutation: Your flesh is heat resistant. [potion of mutation]
 55661 | Vaults:1 | Lost mutation: Your magical capacity is low (-10% MP). [potion of mutation]
 55812 | Vaults:1 | Received a gift from Trog
 55814 | Vaults:1 | Reached XP level 20. HP: 165/165 MP: 7/28
 55945 | Vaults:1 | Gained mutation: Your flesh is heat resistant. [mutagenic meat]
 56002 | Vaults:1 | Identified a +3 rod of destruction (14/14) (You found it on level 1 of the Vaults)
 56110 | Vaults:2 | Noticed Mara
 56144 | Vaults:1 | Reached skill level 22 in Armour
 56360 | Vaults:2 | Noticed Monkaria's illusion
 56633 | Vaults:2 | Noticed Monkaria's illusion
 56825 | Vaults:2 | Noticed Wiglaf
 56908 | Vaults:1 | Killed Wiglaf
 57095 | Vaults:1 | Received a gift from Trog
 57287 | Vaults:2 | Noticed Monkaria's illusion
 57441 | Vaults:2 | Noticed Monkaria's illusion
 57578 | Vaults:2 | Noticed Monkaria's illusion
 58456 | Vaults:2 | Received a gift from Trog
 58476 | Vaults:2 | Noticed Monkaria's illusion
 58506 | Vaults:2 | Killed Mara
 58935 | Vaults:2 | Received a gift from Trog
 59033 | Vaults:2 | Noticed Monkaria's illusion
 59039 | Vaults:2 | Killed Mara
 59039 | Vaults:2 | Reached skill level 15 in Evocations
 59092 | Vaults:2 | Gained mutation: You are occasionally teleported to nearby monsters. [mutagenic meat]
 59096 | Vaults:2 | Gained mutation: You are sometimes teleported to nearby monsters. [mutagenic meat]
 59097 | Vaults:2 | Lost mutation: You are partially covered in thin metallic scales (AC +2). [mutagenic meat]
 59098 | Vaults:2 | Lost mutation: Your flesh is heat resistant. [mutagenic meat]
 59099 | Vaults:2 | Gained mutation: You occasionally shout uncontrollably at your foes. [mutagenic meat]
 59100 | Vaults:2 | Lost mutation: You evolve. [mutagenic meat]
 59102 | Vaults:2 | Lost mutation: You are frail (-10% HP). [mutagenic meat]
 59103 | Vaults:2 | Gained mutation: Potions and wands are less effective at restoring your health. [mutagenic meat]
 59104 | Vaults:2 | Lost mutation: You are very weak. (Str -4) [mutagenic meat]
 59106 | Vaults:2 | Gained mutation: You are frail (-10% HP). [mutagenic meat]
 59108 | Vaults:2 | Gained mutation: Your flesh is heat resistant. [mutagenic meat]
 59110 | Vaults:2 | Gained mutation: You are surrounded by a mild repulsion field (EV +2). [mutagenic meat]
 59112 | Vaults:2 | Lost mutation: You are weak. (Str -2) [mutagenic meat]
 59442 | Lair:1   | Lost mutation: Your flesh is heat resistant. [potion of cure mutation]
 59442 | Lair:1   | Lost mutation: You can spit poison. [potion of cure mutation]
 59442 | Lair:1   | Lost mutation: You can spit weak poison. [potion of cure mutation]
 59442 | Lair:1   | Lost mutation: You are sometimes teleported to nearby monsters. [potion of cure mutation]
 59442 | Lair:1   | Lost mutation: You are frail (-10% HP). [potion of cure mutation]
 59442 | Lair:1   | Lost mutation: Potions and wands are less effective at restoring your health. [potion of cure mutation]
 59443 | Lair:1   | Lost mutation: You occasionally shout uncontrollably at your foes. [potion of cure mutation]
 59443 | Lair:1   | Lost mutation: You passively map a small area around you. [potion of cure mutation]
 59443 | Lair:1   | Lost mutation: You are surrounded by a mild repulsion field (EV +2). [potion of cure mutation]
 59443 | Lair:1   | Lost mutation: You are occasionally teleported to nearby monsters. [potion of cure mutation]
 59738 | Orc:4    | Bought a potion of cure mutation for 525 gold pieces
 59738 | Orc:4    | Bought a potion of cure mutation for 525 gold pieces
 60708 | Vaults:2 | Gained mutation: You are partially covered in icy blue scales (AC +1). [mutagenic meat]
 60709 | Vaults:2 | Gained mutation: You have a pair of large horns on your head. [mutagenic meat]
 60710 | Vaults:2 | Gained mutation: Your body sometimes deteriorates upon taking damage. [mutagenic meat]
 60711 | Vaults:2 | Gained mutation: You are partially covered in yellow scales (AC +2). [mutagenic meat]
 60712 | Vaults:2 | Gained mutation: You are agile. (Dex +2) [mutagenic meat]
 60713 | Vaults:2 | Gained mutation: You are partially covered in thin metallic scales (AC +2). [mutagenic meat]
 60714 | Vaults:2 | Gained mutation: Armour fits poorly on your strangely shaped body. [mutagenic meat]
 60715 | Vaults:2 | Lost mutation: Armour fits poorly on your strangely shaped body. [mutagenic meat]
 60717 | Vaults:2 | Gained mutation: You tend to lose your temper in combat. [mutagenic meat]
 61125 | Vaults:3 | Received a gift from Trog
 61309 | Vaults:3 | Found Quode's Book Emporium.
 61591 | Vaults:3 | Gained mutation: You are resistant to electric shocks. [mutagenic meat]
 61592 | Vaults:3 | Lost mutation: You are partially covered in icy blue scales (AC +1). [mutagenic meat]
 61593 | Vaults:3 | Gained mutation: Your muscles are strong. (Str +2) [mutagenic meat]
 61596 | Vaults:3 | Gained mutation: You are surrounded by a mild repulsion field (EV +2). [mutagenic meat]
 61598 | Vaults:3 | Gained mutation: You can spit weak poison. [mutagenic meat]
 61659 | Vaults:3 | Found a staircase to the Crypt.
 61853 | Vaults:3 | Reached XP level 21. HP: 191/191 MP: 7/31
 62064 | Vaults:3 | Found a roughly hewn altar of Beogh.
 62087 | Vaults:3 | Received a gift from Trog
 62271 | Vaults:4 | Got a bound lead ring
 62274 | Vaults:4 | Identified the ring "Dakiathy" {+Blink rF+ Str+5 Dex-3 SInv} (You found it on level 4 of the Vaults)
 62508 | Vaults:4 | Gained mutation: You have large cloven feet. [mutagenic meat]
 62510 | Vaults:4 | Lost mutation: You are agile. (Dex +2) [mutagenic meat]
 62513 | Vaults:4 | Gained mutation: Your flesh is heat resistant. [mutagenic meat]
 62515 | Vaults:4 | Lost mutation: You are partially covered in yellow scales (AC +2). [mutagenic meat]
 62707 | Vaults:4 | Gained mutation: Your flesh is cold resistant. [mutagenic meat]
 62827 | Vaults:4 | Received a gift from Trog
 63349 | Vaults:4 | Received a gift from Trog
 63372 | Vaults:4 | Reached skill level 23 in Polearms
 64262 | Elf:1    | Entered Level 1 of the Elven Halls
 64583 | Elf:1    | Found Ywedeb's Distillery.
 65234 | Elf:2    | Received a gift from Trog
 65402 | Elf:2    | Found Gileqeag's Book Shop.
 65565 | Elf:2    | Found a runed door.
 65589 | Elf:2    | Found a runed door.
 65879 | Elf:2    | Reached skill level 24 in Polearms
 66328 | Elf:3    | Entered Level 3 of the Elven Halls
 66345 | Elf:2    | Received a gift from Trog
 66345 | Elf:2    | Reached XP level 22. HP: 88/200 MP: 7/32
 66538 | Elf:3    | Received a gift from Trog
 66915 | Elf:3    | Received a gift from Trog
 67737 | Elf:3    | Received a gift from Trog
 67811 | Elf:3    | Got a scorched granite ring
 67978 | Elf:3    | Identified the Almanac of Combat Magic (You found it on level 3 of the Elven Halls)
 68009 | Elf:3    | Identified the ring of the Manifold Dances {+/*Tele rPois MP+9 Dex+2} (You took it off a deep elf demonologist on level 3 of the Elven Halls)
 68018 | Elf:3    | Identified Zirequr's Disquisition on Dark Good Luck (You found it on level 3 of the Elven Halls)
 68253 | Elf:3    | Gained mutation: You are clumsy. (Dex -2) [a Zot trap]
 68253 | Elf:3    | Gained mutation: You are frail (-10% HP). [a Zot trap]
 69015 | Depths:2 | Reached skill level 15 in Dodging
 69224 | Depths:2 | Gained mutation: You have supernaturally acute eyesight. [mutagenic meat]
 69284 | Depths:2 | Lost mutation: You have supernaturally acute eyesight. [mutagenic meat]
 69285 | Depths:2 | Lost mutation: You are frail (-10% HP). [mutagenic meat]
 69324 | Depths:2 | Received a gift from Trog
 69523 | Depths:2 | Lost mutation: You are resistant to electric shocks. [mutagenic meat]
 69534 | Depths:2 | Gained mutation: Your flesh is very heat resistant. [mutagenic meat]
 69537 | Depths:2 | Gained mutation: Your body often deteriorates upon taking damage. [mutagenic meat]
 69539 | Depths:2 | Lost mutation: You have a pair of large horns on your head. [mutagenic meat]
 69540 | Depths:2 | Gained mutation: You are frail (-10% HP). [mutagenic meat]
 69560 | Depths:2 | Lost mutation: You are surrounded by a mild repulsion field (EV +2). [mutagenic meat]
 69561 | Depths:2 | Lost mutation: Your body often deteriorates upon taking damage. [mutagenic meat]
 69563 | Depths:2 | Lost mutation: Your body sometimes deteriorates upon taking damage. [mutagenic meat]
 69675 | Depths:2 | Cast into the Abyss (short sword of distortion)
 69694 | Abyss:1  | Found a sacrificial altar of Ru.
 69980 | Abyss:1  | Lost mutation: Your muscles are strong. (Str +2) [mutagenic meat]
 70098 | Abyss:1  | Gained mutation: You can spit poison. [mutagenic meat]
 70099 | Abyss:1  | Lost mutation: You are clumsy. (Dex -2) [mutagenic meat]
 70100 | Abyss:1  | Gained mutation: You are occasionally teleported to nearby monsters. [mutagenic meat]
 70101 | Abyss:1  | Lost mutation: Your flesh is cold resistant. [mutagenic meat]
 70103 | Abyss:1  | Lost mutation: You tend to lose your temper in combat. [mutagenic meat]
 70132 | Abyss:1  | Paralysed by accursed screaming for 1 turns
 70299 | Abyss:1  | Reached XP level 23. HP: 191/191 MP: 8/33
 70372 | Depths:2 | Escaped the Abyss
 70622 | Depths:2 | Lost mutation: You can spit poison. [potion of mutation]
 70622 | Depths:2 | Gained mutation: Your magical capacity is low (-10% MP). [potion of mutation]
 70840 | Depths:2 | Gained mutation: You are weak. (Str -2) [mutagenic meat]
 70849 | Depths:2 | Lost mutation: You are frail (-10% HP). [potion of cure mutation]
 70849 | Depths:2 | Lost mutation: You are occasionally teleported to nearby monsters. [potion of cure mutation]
 70849 | Depths:2 | Lost mutation: You have large cloven feet. [potion of cure mutation]
 70849 | Depths:2 | Lost mutation: Your magical capacity is low (-10% MP). [potion of cure mutation]
 70849 | Depths:2 | Lost mutation: You are weak. (Str -2) [potion of cure mutation]
 70936 | Depths:2 | Got a faintly humming plate armour
 70947 | Depths:2 | Identified the +0 plate armour of Zin {rN+ rCorr} (You found it on level 2 of the Depths)
 70998 | Depths:2 | Identified Wousetub's Collected Works on Transformation
 71449 | Depths:2 | Received a gift from Trog
 71581 | Depths:3 | Noticed UristMcMason's ghost (legendary HuFi)
 71647 | Depths:3 | Killed UristMcMason's ghost
 72225 | Depths:2 | Gained mutation: You have sharp toenails. [mutagenic meat]
 72226 | Depths:2 | Gained mutation: You expend magic power (3 MP) to strengthen your wands. [mutagenic meat]
 72227 | Depths:2 | Gained mutation: Your spells are a little easier to cast, but a little less powerful. [mutagenic meat]
 72230 | Depths:3 | Paralysed by a great orb of eyes for 2 turns
 72246 | Depths:2 | Gained mutation: You are clumsy. (Dex -2) [mutagenic meat]
 72818 | Depths:3 | Gained mutation: You are very clumsy. (Dex -4) [potion of mutation]
 72818 | Depths:3 | Lost mutation: You can spit weak poison. [potion of mutation]
 72866 | Depths:3 | Found a one-way gate to the infinite horrors of the Abyss.
 72975 | Depths:3 | Found Cukhloh's Antique Armour Shop.
 72994 | Depths:3 | Bought the +9 armour of the Dragon King {rPois rF+ rC+ MR+} for 2121 gold pieces
 73646 | Depths:3 | Bought an embroidered cloak for 76 gold pieces
 74793 | Depths:4 | Noticed the Enchantress
 74849 | Depths:4 | Found a roughly hewn altar of Beogh.
 74861 | Depths:4 | HP: 5/213 [orc priest/divine providence (17)]
 74861 | Depths:4 | Killed from afar by an orc priest

Vault maps used:
D:1:      scummos_arrival_simple_crosswalls, minmay_misc_feat_tower
D:2:      ecumenical_altar_2, uniq_iyjb
D:3:      kennysheep_big_flooded_room, minmay_unequal, uniq_crazy_yiuf_cottage,
          uniq_jessica
D:4:      kennysheep_mini_moat, gammafunk_temple_overflow_wave, first_bread
D:6:      hangedman_decor_points
D:7:      lemuel_upstairs_altar, temple_hall, basic_altar,
          kennysheep_generic_room_13
D:8:      dpeg_lair_monsters, uniq_maurice, uniq_erica, uniq_gastronok
D:9:      basic_altar, uniq_prince_ribbit1
D:10:     david_defended_altar_orc
D:11:     nicolae_trove_entry_crossroad
D:12:     david_orc_4, hangedman_tree_tricks, corner_web_ring,
          kennysheep_big_empty_room
D:13:     erik_vaults_2
D:14:     uniq_snorg
D:15:     hangedman_depths_entry_try_elsewhere_first, serial_shops, shop,
          old_standard_altar
Temple:   lightli_temple_of_artemis
Lair:2:   serial_bayou_pond_d, grunt_megastairs_3
Lair:3:   elwin_shoals_entry_rocks
Lair:4:   infiniplex_staircase_pool_2
Lair:5:   minmay_lair_oklob_items, lemuel_fruit_fields
Lair:6:   dummy_snake_entry
Lair:7:   grunt_forest_small_clearings, beast_lair_carwin_1
Lair:8:   evilmike_catoblepas_cave, slime_altar_1
Shoals:2: portal_ice_cave_entry_pillars_01
Shoals:3: serial_shops, nicolae_shop_waterfront
Shoals:4: shoals_end_hangedman, shoals_ilsuiw_alternative,
          nicolae_shoals_undead_eyrie
Snake:1:  uniq_frances
Snake:2:  uniq_saint_roka, uniq_jorgrun, uniq_vashnia, uniq_kirke
Snake:3:  nicolae_snake_linked_coils, grunt_ministairs_5, st_stairs_6,
          uniq_norris, uniq_roxanne
Snake:4:  minmay_snake_end_coiled, spider_trap, st_stairs_13
Orc:1:    serial_shops, shop_statue, lightli_orcish_oven
Orc:2:    uniq_nergalle
Orc:3:    nicolae_orc_pool_cavern, uniq_maud
Orc:4:    grunt_orc_cross, basic_altar
Elf:1:    serial_shops, shop, hangedman_elf_disciples
Elf:2:    serial_shops, nicolae_shop_waterfront
Elf:3:    minmay_elf_hall_spiked, st_stairs_4
Vaults:1: dpeg_vaults_waves, v_misc_31, vaults_room_grunt_arrival_ludios,
          hangedman_vaults_stretched_pinwheel, v_misc_9, vaults_dpeg_doors
Vaults:2: nicolae_vaults_display_case, v_misc_12, ontoclasm_vaults_twist,
          v_alt_pattern_4, uniq_wiglaf, uniq_mara
Vaults:3: v_misc_4, minmay_crypt_entry_simple_plaza, v_misc_28,
          hangedman_vaults_unwind, nicolae_vaults_little_ls,
          vaults_standard_mumra_enter_the_diamond,
          nicolae_vaults_ninety_degrees, v_alt_pattern_2,
          ontoclasm_vaults_idyll, special_room_vaults, v_misc_16,
          vaults_dpeg_ring, serial_shops, shop
Vaults:4: vaults_room_boxed, v_misc_11, nicolae_vaults_disjoint_gnomons,
          dpeg_vaults_monster_row, ontoclasm_vaults_ring_square,
          st_spiral_rooms, ontoclasm_vaults_ring_square, v_misc_13,
          hangedman_vaults_nodes, hangedman_vaults_trim
Depths:1: enter_ziggurat_a, hangedman_abyss_or_decor_passed,
          rand_demon_pan_entry_7, hell_entry, minmay_misc_feat_plants,
          lemuel_another_geyser, uniq_asterion
Depths:2: radiant_caverns_a_rkd, serial_shops, hell_entry
Depths:3: hangedman_arch_fort, grunt_pan_entry_sceptre, abyss_entry,
          serial_shops, shop_coins, hell_entry, serial_sigils_hangedman_scratch
Depths:4: orc_temple, abyss_entry, hellmouth_1, roderic_roman_lattice,
          pan_entry, minmay_misc_feat_more_columns, grunt_ministairs_9,
          lemuel_flamethrower_3, infiniplex_staircase_river, uniq_enchantress,
          uniq_frederick, uniq_sojobo
Trove:    trove_armour_1
IceCv:    ice_cave_small_demon

Action                   |  1- 3 |  4- 6 |  7- 9 | 10-12 | 13-15 | 16-18 | 19-21 | 22-24 || total
-------------------------+-------+-------+-------+-------+-------+-------+-------+-------++-------
Melee: Spear             |   107 |   203 |   407 |       |       |       |       |       ||   717
       Trident           |       |       |    89 |    50 |  1493 |  2589 |     6 |       ||  4227
       Halberd           |       |       |       |   857 |    23 |       |       |       ||   880
       Scimitar          |       |       |       |     3 |    20 |       |       |       ||    23
       Demon trident     |       |       |       |       |       |       |  2203 |  1260 ||  3463
Throw: Throwing net      |       |     1 |       |     1 |       |     1 |       |       ||     3
       Javelin           |       |       |       |       |       |     9 |     6 |     1 ||    16
       Tomahawk          |       |       |       |       |       |       |     3 |       ||     3
Invok: Trog's Hand       |       |     4 |     6 |    13 |    13 |    16 |     7 |     9 ||    68
       Berserk           |       |     1 |     1 |     4 |       |     1 |     1 |     1 ||     9
       Brothers in Arms  |       |       |       |       |     8 |     6 |     3 |     2 ||    19
Evoke: Rod               |       |       |     2 |     2 |     6 |    57 |    26 |    15 ||   108
       Wand              |       |       |       |       |       |     1 |       |       ||     1
  Use: Scroll            |       |     6 |     4 |    15 |    16 |    11 |     9 |     8 ||    69
       Potion            |       |       |       |     2 |     4 |     4 |     4 |     5 ||    19
 Stab: Held in net/web   |       |     2 |       |       |       |       |       |       ||     2
       Sleeping          |       |     1 |     2 |     1 |       |       |       |       ||     4
       Fleeing           |       |       |     1 |       |       |       |       |       ||     1
       Distracted        |       |       |       |     1 |       |       |       |       ||     1
       Confused          |       |       |       |       |       |     3 |     4 |       ||     7
  Eat: Chunk             |     1 |     7 |    11 |    43 |    44 |    38 |   129 |    60 ||   333
       Fruit             |       |       |       |     1 |     7 |       |       |       ||     8
       Pizza             |       |       |       |     1 |       |       |     1 |     1 ||     3
       Meat ration       |       |       |       |       |     1 |     1 |       |       ||     2
       Bread ration      |       |       |       |       |       |    12 |     2 |     4 ||    18
       Beef jerky        |       |       |       |       |       |     3 |       |     1 ||     4
       Royal jelly       |       |       |       |       |       |       |     1 |       ||     1
